Map: Magannatha LE

Players

ManlyManMeat - Winner!

  • Race: Zerg Zerg
  • League: Diamond
  • Spawn Location: 5:00

IlIlIlIlIlIl

  • Race: Zerg Zerg
  • League: Diamond
  • Spawn Location: 11:00

VOD

Have the link to the VOD?

Description

Time

  • Played on: July 10, 2025, 9:04 a.m.
  • Length: 8:05
Show
View Real Time Build Order
Export as new Build Order

ManlyManMeat Zerg - Winner!

Build Orders: Hatch First 

Get SALT Encoding   

  12  0:00  Drone  
  13  0:08  Drone  
  14  0:17  Extractor  
  14  0:18  Drone  
  15  0:21  Overlord  
  15  0:40  Drone  
  16  0:47  Hatchery  
  15  0:50  Drone  
  15  0:54  Drone  
  17  0:57  Drone  
  18  1:09  Extractor  
  17  1:13  Spawning Pool  
  17  1:17  Drone  
  17  1:20  Drone  
  18  1:28  Drone  
  19  1:37  Drone  
  20  2:00  Queen x2  
  20  2:01  Zergling x4  
  26  2:04  Overlord  
  26  2:10  Metabolic Boost  
  26  2:19  Drone x2  
  28  2:31  Drone x2  
  28  2:36  Baneling Nest  
  29  2:43  Drone x2  
  31  2:55  Overlord  
  31  2:58  Drone x2  
  33  3:10  Drone x2  
  35  3:16  Zergling x6  
  35  3:17  Hatchery  
  37  3:28  Drone x3  
  37  3:32  Baneling x2  
  40  3:35  Baneling  
  40  3:36  Baneling  
  40  3:40  Drone x3  
  43  3:41  Overlord  
  42  3:57  Drone  
  42  3:58  Lair  
  42  4:00  Drone x2  
  42  4:01  Extractor  
  42  4:02  Drone x3  
  47  4:06  Roach Warren  
  45  4:20  Drone  
  45  4:21  Drone  
  47  4:28  Evolution Chamber  
  46  4:32  Drone x2  
  46  4:36  Drone x2  
  46  4:37  Drone  
  46  4:38  Extractor  
  50  4:49  Roach x4  
  50  4:50  Overlord  
  50  4:52  Overlord  
  58  4:53  Overlord  
  58  4:55  Overlord  
  58  5:08  Queen  
  58  5:09  Roach  
  58  5:10  Roach x2  
  58  5:11  Glial Reconstitution, Baneling x2  
  66  5:15  Zerg Missile Weapons Level 1  
  66  5:17  Zergling x8  
  70  5:23  Roach x2  
  74  5:33  Roach x3  
  80  5:38  Drone x4  
  80  5:42  Drone x2  
  86  5:43  Drone, Extractor  
  86  5:45  Roach x2  
  90  5:53  Overlord  
  90  5:54  Overlord  
  90  5:57  Overseer  
  90  6:07  Overlord x2  
  90  6:12  Roach x3  
  90  6:13  Roach x5  
  90  6:18  Overlord  
  106  6:19  Overlord  
  106  6:26  Roach x3  
  112  6:37  Roach x6  
  124  6:44  Roach x3  
  130  6:53  Roach x4  
  138  6:57  Overlord x2  
  120  7:32  Roach x14  
  141  7:37  Roach x2  
Show
View Real Time Build Order
Export as new Build Order

IlIlIlIlIlIl Zerg 

Build Orders: Pool First, Swarm Host 

Get SALT Encoding   

  12  0:17  Drone x2  
  12  0:18  Overlord  
  14  0:35  Spawning Pool  
  13  0:39  Drone  
  15  0:42  Drone  
  15  0:51  Drone  
  16  1:01  Drone  
  17  1:19  Hatchery  
  17  1:23  Zergling x4  
  18  1:33  Zergling x2  
  18  1:34  Queen  
  21  1:58  Zergling x2  
  21  1:59  Overlord  
  22  2:17  Queen  
  24  2:25  Zergling x4  
  26  2:32  Queen  
  28  2:39  Drone x3  
  31  2:54  Drone x3  
  34  3:13  Drone  
  34  3:14  Drone  
  34  3:17  Overlord x2  
  36  3:27  Extractor  
  36  3:29  Extractor  
  36  3:30  Overlord x3  
  33  3:37  Spine Crawler  
  33  3:39  Drone x3  
  35  3:41  Spine Crawler  
  35  3:43  Extractor  
  35  3:45  Extractor  
  35  3:48  Drone x4  
  34  3:49  Drone  
  34  4:07  Drone x2  
  34  4:08  Drone  
  37  4:17  Drone  
  37  4:18  Drone x2  
  40  4:27  Evolution Chamber  
  40  4:29  Roach Warren  
  38  4:37  Evolution Chamber  
  37  4:42  Drone  
  37  4:43  Drone x5  
  43  4:47  Lair  
  43  4:54  Spine Crawler  
  43  4:58  Spine Crawler  
  41  5:04  Queen  
  43  5:13  Drone x5  
  48  5:29  Drone  
  48  5:30  Drone x5  
  54  5:44  Drone x2  
  56  5:51  Infestation Pit  
  56  5:54  Nydus Network  
  54  6:00  Spore Crawler  
  53  6:11  Overlord x2  
  53  6:12  Overlord  
  53  6:13  Pneumatized Carapace  
  53  6:27  Swarm Host x4  
  53  6:30  Swarm Host  
  53  6:31  Swarm Host x4  
  80  6:51  Nydus Canal  
  80  6:59  Swarm Host x2  
  86  7:03  Overlord x5  
  84  7:20  Swarm Host x2  
  90  7:28  Nydus Canal  
  90  7:29  Swarm Host  
Tags
 
Composition
Swarm Host
Matchup
ZvZ
Race
Zerg
Replay Pack
Myownreplay2
Spawn Locations
Cross Positions
Add a new tag
Caveats
  • Supply blocks, unpowered buildings, or Contaminate may cause inaccurate times.
  • Supply counts are checked every 10 seconds.